Lightning vs Islanders

Created - 23 février 2025 at 20:54

Goals
1 2 3 OT1 SO T
Lightning 0 2 1 0 3 4
Islanders 3 0 0 0 1 3
Shots
1 2 3 OT1 SO T
Lightning 10 9 5 0 3 24
Islanders 17 11 8 2 2 38

GoalsPenalties
1st period
1. Islanders , Ryan Suter 4 (Mattias Janmark 2, Jason Dickinson 12) at 4:50
2. Islanders , Josh Morrissey 15 (Shea Theodore 41, Connor McDavid 44) at 6:50 (PP)
3. Islanders , Jake Guentzel 18 (Neal Pionk 22, Connor McDavid 45) at 11:27
Brandon Montour (TBL) for Hooking (Minor) at 6:28
Michael Bunting (NYI) for Tripping (Minor) at 9:09
Pierre Engvall (TBL) for Roughing (Minor) at 16:33
Kaiden Guhle (TBL) for Holding (Minor) at 19:02
2nd period
4. Lightning , Brandon Montour 8 (Sam Bennett 22, Tyler Toffoli 15) at 1:40 (PP)
5. Lightning , Sam Bennett 21 (Mike Matheson 39) at 12:42
Pavel Buchnevich (NYI) for Slashing (Minor) at 1:34
Kevin Shattenkirk (TBL) for Hooking (Minor) at 5:34
Kaiden Guhle (TBL) for Cross-checking (Minor) at 9:29
3rd period
6. Lightning , Alex Killorn 18 (Kaiden Guhle 26) at 10:33
Kaiden Guhle (TBL) for Tripping (Minor) at 8:06
Ryan Strome (TBL) for Hooking (Minor) at 13:13
Jean-Gabriel Pageau (NYI) for Hooking (Minor) at 15:24
Alex Killorn (TBL) for Holding Stick (Minor) at 19:58
Overtime #1
No Goal
Shootout
Lightning, Scott Laughton - Goal!
Islanders, Connor McDavid - Goal!
Lightning, Dawson Mercer - Goal!
Islanders, Jake Guentzel - Stopped by Jacob Markstrom
Lightning, Tyler Toffoli - Goal!
Goalie Stats
Jacob Markstrom (TBL), 35 saves from 38 shots - (0,921), W, 25-20-5, 65:00 minutes
Jonathan Quick (NYI), 21 saves from 24 shots - (0,875), OTL, 13-8-3, 65:00 minutes
3 StarsOfficial
1 - Sam Bennett (TBL)
2 - Alex Killorn (TBL)
3 - Mike Matheson (TBL)
Referees : Brian Pochmara and Reid Anderson
Linesman : Brent Colby and Steve Barton
Game Note
No Game Note
Finance
Level 1 -- Attendance: 5670 (94,50%) -- Ticket Income $652,050
Level 2 -- Attendance: 4818 (96,36%) -- Ticket Income $409,530
Level 3 -- Attendance: 2000 (100,00%) -- Ticket Income $156,000
Level 4 -- Attendance: 1700 (94,71%) -- Ticket Income $102,000
Luxury Box -- Attendance: 1000 (100,00%) -- Ticket Income $213,000
Game was played at the Barclays Center.
Total Attendance: 15188 (96,16%)
Total Ticket Income: $1,532,580
Other Income: $383,145
Total Income: $1,915,725



Team Name Goals Shots Shots Attemp Shots Blocked PIM HIT PP PK FO%
Lightning 424441316281 / 3 (33%)144%
Islanders 3387956111 / 8 (13%)156%

Lightning
Player Name POS G A P +/- PIM HIT SHT SB MP PP MP PP SHT PK MP PK SHT FO% FOT
Alex KillornLW1011233018:581:5210:40067% 3
Andrew PeekeD0000020013:250:0000:0800% 0
Barclay GoodrowC0000000010:190:00010:19025% 4
Brandon MontourD1010211127:022:2718:1800% 0
Brock NelsonC0001016022:192:1200:00032% 25
Dawson MercerC000-1001114:011:5210:00047% 17
Jeff SkinnerLW0001011119:081:5200:000100% 1
John KlingbergD0000002217:001:3720:0000% 0
Kaiden GuhleD0110651320:591:3704:3510% 0
Kevin ShattenkirkD000-1220319:480:0006:4800% 0
Mike MathesonD0111021128:392:2718:4100% 0
Noel AcciariC000-1030016:050:0003:56033% 6
Pierre EngvallLW000021002:400:0000:0000% 0
Ryan StromeC000-1211014:300:0002:2200% 0
Sam BennettC1120042016:472:1200:00063% 19
Scott LaughtonC0000014015:400:0000:0000% 3
Teddy BluegerC000000019:150:0009:15044% 18
Tyler ToffoliC0110011016:002:1200:00050% 2
Islanders
Player Name POS G A P +/- PIM HIT SHT SB MP PP MP PP SHT PK MP PK SHT FO% FOT
Chandler StephensonC0000011021:284:3801:47088% 16
Connor McDavidC0220013025:567:3901:03161% 38
Jake GuentzelC1010003024:537:3900:0000% 4
Jason DickinsonC011000015:110:0002:57075% 4
Jean-Gabriel PageauC0000211013:270:0001:14054% 13
Jonathan MarchessaultRW0000022022:264:3800:000100% 1
Josh MorrisseyD101-1016028:467:3632:1300% 0
Juuso ValimakiD000-101002:570:0000:0000% 0
Kyle PalmieriC0000001012:140:0000:0000% 1
Marcus PetterssonD0001000010:270:0000:0000% 0
Matt DucheneC0000002020:404:3810:00031% 16
Mattias JanmarkC011000202:430:0000:2900% 0
Michael BuntingLW0000204012:510:0000:38050% 4
Neal PionkD0110011124:114:4111:5100% 0
Pavel BuchnevichLW0000235024:047:3920:0000% 1
Ryan SuterD1011002012:180:0001:5100% 0
Shayne GostisbehereD0001001119:234:4110:0000% 0
Shea TheodoreD011-1004228:567:3632:1300% 0



Play-by-Play

1st period


0:01 of 1st period - Brock Nelson wins face-off versus Connor McDavid in neutral zone.
0:08 of 1st period - Shot by Brock Nelson.
0:08 of 1st period - Stopped by Jonathan Quick without a rebound.
0:09 of 1st period - Matt Duchene wins face-off versus Sam Bennett in Islanders zone.
0:09 of 1st period - Matt Duchene is hit by Sam Bennett.
0:21 of 1st period - Shot by Sam Bennett.
0:21 of 1st period - Stopped by Jonathan Quick without a rebound.
0:22 of 1st period - Michael Bunting wins face-off versus Dawson Mercer in Islanders zone.
0:47 of 1st period - Shot by Ryan Strome.
0:47 of 1st period - Stopped by Jonathan Quick without a rebound.
0:48 of 1st period - Connor McDavid wins face-off versus Brock Nelson in Islanders zone.
0:48 of 1st period - Connor McDavid is hit by Brock Nelson.
1:19 of 1st period - Pavel Buchnevich is hit by Mike Matheson.
1:30 of 1st period - Shot by Pavel Buchnevich.
1:30 of 1st period - Stopped by Jacob Markstrom without a rebound.
1:31 of 1st period - Sam Bennett wins face-off versus Matt Duchene in Lightning zone.
2:44 of 1st period - Shot by Kyle Palmieri.
2:44 of 1st period - Shot Misses the Net.
2:47 of 1st period - Icing by Dawson Mercer.
2:48 of 1st period - Dawson Mercer wins face-off versus Connor McDavid in Lightning zone.
2:53 of 1st period - Connor McDavid is hit by Noel Acciari and loses puck.
4:13 of 1st period - Shot by Alex Killorn.
4:13 of 1st period - Stopped by Jonathan Quick with a rebound.
4:15 of 1st period - Shot by Brock Nelson.
4:15 of 1st period - Stopped by Jonathan Quick without a rebound.
4:16 of 1st period - Jason Dickinson wins face-off versus Sam Bennett in Islanders zone.
4:25 of 1st period - Shot by Mattias Janmark.
4:25 of 1st period - Stopped by Jacob Markstrom with a rebound.
4:48 of 1st period - Shot by Mattias Janmark.
4:48 of 1st period - Stopped by Jacob Markstrom with a rebound.
4:50 of 1st period - Shot by Ryan Suter.
4:50 of 1st period - Goal by Ryan Suter - Lightning : 0 - Islanders : 1.
4:51 of 1st period - Noel Acciari wins face-off versus Jean-Gabriel Pageau in neutral zone.
5:09 of 1st period - Shot by Jean-Gabriel Pageau.
5:09 of 1st period - Shot Blocked by Kevin Shattenkirk.
6:28 of 1st period - Minor Penalty to Brandon Montour for Hooking.
6:29 of 1st period - Teddy Blueger wins face-off versus Connor McDavid in Lightning zone.
6:38 of 1st period - Shot by Barclay Goodrow.
6:38 of 1st period - Shot Misses the Net.
6:48 of 1st period - Shot by Josh Morrissey.
6:48 of 1st period - Shot Blocked by Mike Matheson.
6:50 of 1st period - Shot by Josh Morrissey.
6:50 of 1st period - Goal by Josh Morrissey - Lightning : 0 - Islanders : 2.
6:51 of 1st period - Sam Bennett wins face-off versus Matt Duchene in neutral zone.
7:46 of 1st period - Icing by Jonathan Marchessault.
7:47 of 1st period - Matt Duchene wins face-off versus Brock Nelson in Islanders zone.
8:32 of 1st period - Mike Matheson is hit by Pavel Buchnevich and loses puck.
8:37 of 1st period - Shot by Connor McDavid.
8:37 of 1st period - Stopped by Jacob Markstrom without a rebound.
8:38 of 1st period - Michael Bunting wins face-off versus Dawson Mercer in Lightning zone.
9:06 of 1st period - Shot by Jean-Gabriel Pageau.
9:06 of 1st period - Stopped by Jacob Markstrom with a rebound.
9:09 of 1st period - Minor Penalty to Michael Bunting for Tripping.
9:10 of 1st period - Brock Nelson wins face-off versus Jean-Gabriel Pageau in Islanders zone.
9:11 of 1st period - Shot by Sam Bennett.
9:11 of 1st period - Shot Blocked by Shea Theodore.
9:13 of 1st period - Shot by John Klingberg.
9:13 of 1st period - Stopped by Jonathan Quick without a rebound.
9:14 of 1st period - Jason Dickinson wins face-off versus Brock Nelson in Islanders zone.
9:14 of 1st period - Jason Dickinson is hit by Sam Bennett.
9:41 of 1st period - Shot by Tyler Toffoli.
9:41 of 1st period - Shot Misses the Net.
9:43 of 1st period - Shot by Mike Matheson.
9:43 of 1st period - Stopped by Jonathan Quick with a rebound.
9:45 of 1st period - Shot by Sam Bennett.
9:45 of 1st period - Deflect By Tyler Toffoli.
9:45 of 1st period - Shot Hit the Post.
9:47 of 1st period - Shot by Brandon Montour.
9:47 of 1st period - Shot Blocked by Neal Pionk.
10:09 of 1st period - Shot by John Klingberg.
10:09 of 1st period - Stopped by Jonathan Quick with a rebound.
10:42 of 1st period - Shot by Alex Killorn.
10:42 of 1st period - Stopped by Jonathan Quick without a rebound.
10:43 of 1st period - Chandler Stephenson wins face-off versus Brock Nelson in Islanders zone.
11:21 of 1st period - Shot by Connor McDavid.
11:21 of 1st period - Shot Misses the Net.
11:23 of 1st period - Shot by Neal Pionk.
11:23 of 1st period - Shot Blocked by Kevin Shattenkirk.
11:25 of 1st period - Shot by Jake Guentzel.
11:25 of 1st period - Shot Blocked by Dawson Mercer.
11:27 of 1st period - Shot by Jake Guentzel.
11:27 of 1st period - Goal by Jake Guentzel - Lightning : 0 - Islanders : 3.
11:28 of 1st period - Matt Duchene wins face-off versus Brock Nelson in neutral zone.
11:41 of 1st period - Shot by Brock Nelson.
11:41 of 1st period - Stopped by Jonathan Quick without a rebound.
11:42 of 1st period - Dawson Mercer wins face-off versus Jake Guentzel in Islanders zone.
11:53 of 1st period - Shot by Jake Guentzel.
11:53 of 1st period - Shot Misses the Net.
12:21 of 1st period - Shot by Pavel Buchnevich.
12:21 of 1st period - Stopped by Jacob Markstrom with a rebound.
12:23 of 1st period - Shot by Josh Morrissey.
12:23 of 1st period - Stopped by Jacob Markstrom without a rebound.
12:24 of 1st period - Matt Duchene wins face-off versus Scott Laughton in Lightning zone.
12:27 of 1st period - Shot by Jonathan Marchessault.
12:27 of 1st period - Shot Misses the Net.
12:38 of 1st period - John Klingberg is hit by Neal Pionk and loses puck.
13:27 of 1st period - Off-side.
13:28 of 1st period - Connor McDavid wins face-off versus Brock Nelson in neutral zone.
14:26 of 1st period - Icing by Josh Morrissey.
14:27 of 1st period - Connor McDavid wins face-off versus Dawson Mercer in Islanders zone.
14:51 of 1st period - Noel Acciari is hit by Jonathan Marchessault and loses puck.
15:31 of 1st period - Off-side.
15:32 of 1st period - Jean-Gabriel Pageau wins face-off versus Brock Nelson in neutral zone.
15:41 of 1st period - Jean-Gabriel Pageau is hit by Pierre Engvall and loses puck.
15:58 of 1st period - Shot by Jean-Gabriel Pageau.
15:58 of 1st period - Shot Misses the Net.
16:33 of 1st period - Minor Penalty to Pierre Engvall for Roughing.
16:34 of 1st period - Teddy Blueger wins face-off versus Jake Guentzel in Lightning zone.
16:44 of 1st period - Off-side.
16:45 of 1st period - Barclay Goodrow wins face-off versus Connor McDavid in neutral zone.
17:14 of 1st period - Shot by Pavel Buchnevich.
17:14 of 1st period - Stopped by Jacob Markstrom without a rebound.
17:15 of 1st period - Chandler Stephenson wins face-off versus Teddy Blueger in Lightning zone.
17:25 of 1st period - Off-side.
17:26 of 1st period - Chandler Stephenson wins face-off versus Teddy Blueger in neutral zone.
17:38 of 1st period - Shot by Shea Theodore.
17:38 of 1st period - Stopped by Jacob Markstrom without a rebound.
17:39 of 1st period - Teddy Blueger wins face-off versus Connor McDavid in Lightning zone.
17:58 of 1st period - Shot by Shayne Gostisbehere.
17:58 of 1st period - Shot Misses the Net.
18:00 of 1st period - Shot by Pavel Buchnevich.
18:00 of 1st period - Stopped by Jacob Markstrom without a rebound.
18:01 of 1st period - Chandler Stephenson wins face-off versus Teddy Blueger in Lightning zone.
18:04 of 1st period - Shot by Jonathan Marchessault.
18:04 of 1st period - Shot Blocked by Kaiden Guhle.
18:06 of 1st period - Shot by Shea Theodore.
18:06 of 1st period - Stopped by Jacob Markstrom without a rebound.
18:07 of 1st period - Connor McDavid wins face-off versus Teddy Blueger in Lightning zone.
18:14 of 1st period - Shot by Connor McDavid.
18:14 of 1st period - Shot Misses the Net.
18:16 of 1st period - Shot by Josh Morrissey.
18:16 of 1st period - Stopped by Jacob Markstrom without a rebound.
18:17 of 1st period - Teddy Blueger wins face-off versus Connor McDavid in Lightning zone.
18:37 of 1st period - Matt Duchene is hit by Kaiden Guhle and loses puck.
18:52 of 1st period - Shot by Matt Duchene.
18:52 of 1st period - Shot Misses the Net.
18:54 of 1st period - Shot by Matt Duchene.
18:54 of 1st period - Shot Blocked by Jeff Skinner.
19:02 of 1st period - Shot by Chandler Stephenson.
19:02 of 1st period - Deflect By Jonathan Marchessault.
19:02 of 1st period - Stopped by Jacob Markstrom without a rebound.
19:02 of 1st period - Minor Penalty to Kaiden Guhle for Holding.
19:03 of 1st period - Teddy Blueger wins face-off versus Connor McDavid in Lightning zone.
19:39 of 1st period - Shot by Shea Theodore.
19:39 of 1st period - Stopped by Jacob Markstrom without a rebound.
19:40 of 1st period - Chandler Stephenson wins face-off versus Noel Acciari in Lightning zone.
19:57 of 1st period - Shot by Matt Duchene.
19:57 of 1st period - Shot Blocked by Brandon Montour.
Goals for this period are 0 for Lightning vs 3 for Islanders.
Shots for this period are 10 for Lightning vs 17 for Islanders.

2nd period


0:01 of 2nd period - Teddy Blueger wins face-off versus Pavel Buchnevich in neutral zone.
0:23 of 2nd period - Jake Guentzel is hit by Mike Matheson and loses puck.
0:53 of 2nd period - Off-side.
0:54 of 2nd period - Chandler Stephenson wins face-off versus Noel Acciari in neutral zone.
1:06 of 2nd period - Icing by Kaiden Guhle.
1:07 of 2nd period - Alex Killorn wins face-off versus Matt Duchene in Lightning zone.
1:07 of 2nd period - Alex Killorn is hit by Chandler Stephenson.
1:23 of 2nd period - Shot by Alex Killorn.
1:23 of 2nd period - Deflect By Jeff Skinner.
1:23 of 2nd period - Stopped by Jonathan Quick without a rebound.
1:24 of 2nd period - Sam Bennett wins face-off versus Kyle Palmieri in Islanders zone.
1:25 of 2nd period - Shot by Scott Laughton.
1:25 of 2nd period - Stopped by Jonathan Quick without a rebound.
1:26 of 2nd period - Connor McDavid wins face-off versus Brock Nelson in Islanders zone.
1:26 of 2nd period - Connor McDavid is hit by Alex Killorn.
1:32 of 2nd period - Kaiden Guhle is hit by Pavel Buchnevich and loses puck.
1:34 of 2nd period - Minor Penalty to Pavel Buchnevich for Slashing.
1:35 of 2nd period - Tyler Toffoli wins face-off versus Jean-Gabriel Pageau in Islanders zone.
1:38 of 2nd period - Shot by Sam Bennett.
1:38 of 2nd period - Shot Blocked by Shea Theodore.
1:40 of 2nd period - Shot by Brandon Montour.
1:40 of 2nd period - Goal by Brandon Montour - Lightning : 1 - Islanders : 3.
1:41 of 2nd period - Connor McDavid wins face-off versus Brock Nelson in neutral zone.
1:41 of 2nd period - Pavel Buchnevich is hit by Jeff Skinner.
1:44 of 2nd period - Connor McDavid is hit by Brandon Montour.
2:12 of 2nd period - Shot by Jake Guentzel.
2:12 of 2nd period - Stopped by Jacob Markstrom without a rebound.
2:13 of 2nd period - Sam Bennett wins face-off versus Chandler Stephenson in Lightning zone.
2:23 of 2nd period - Icing by Shayne Gostisbehere.
2:24 of 2nd period - Dawson Mercer wins face-off versus Matt Duchene in Islanders zone.
2:43 of 2nd period - Shot by Chandler Stephenson.
2:43 of 2nd period - Shot Misses the Net.
2:45 of 2nd period - Shot by Shayne Gostisbehere.
2:45 of 2nd period - Shot Hit the Post.
2:47 of 2nd period - Shot by Matt Duchene.
2:47 of 2nd period - Shot Misses the Net.
3:39 of 2nd period - Shot by Connor McDavid.
3:39 of 2nd period - Shot Misses the Net.
3:41 of 2nd period - Shot by Connor McDavid.
3:41 of 2nd period - Stopped by Jacob Markstrom without a rebound.
3:42 of 2nd period - Sam Bennett wins face-off versus Jean-Gabriel Pageau in Lightning zone.
3:52 of 2nd period - Icing by Marcus Pettersson.
3:53 of 2nd period - Sam Bennett wins face-off versus Jean-Gabriel Pageau in Islanders zone.
4:06 of 2nd period - Shot by Scott Laughton.
4:06 of 2nd period - Stopped by Jonathan Quick without a rebound.
4:07 of 2nd period - Brock Nelson wins face-off versus Connor McDavid in Islanders zone.
4:07 of 2nd period - Brock Nelson is hit by Josh Morrissey.
4:33 of 2nd period - Shot by Jeff Skinner.
4:33 of 2nd period - Shot Misses the Net.
4:43 of 2nd period - Shot by Brock Nelson.
4:43 of 2nd period - Shot Misses the Net.
4:45 of 2nd period - Shot by Brock Nelson.
4:45 of 2nd period - Stopped by Jonathan Quick without a rebound.
4:46 of 2nd period - Jason Dickinson wins face-off versus Sam Bennett in Islanders zone.
4:46 of 2nd period - Juuso Valimaki is hit by Scott Laughton and loses puck.
4:53 of 2nd period - Shot by Sam Bennett.
4:53 of 2nd period - Shot Misses the Net.
4:55 of 2nd period - Shot by Sam Bennett.
4:55 of 2nd period - Shot Blocked by Jason Dickinson.
4:57 of 2nd period - Shot by Kaiden Guhle.
4:57 of 2nd period - Shot Misses the Net.
4:59 of 2nd period - Shot by Scott Laughton.
4:59 of 2nd period - Stopped by Jonathan Quick without a rebound.
5:00 of 2nd period - Dawson Mercer wins face-off versus Jean-Gabriel Pageau in Islanders zone.
5:26 of 2nd period - Shot by Michael Bunting.
5:26 of 2nd period - Stopped by Jacob Markstrom with a rebound.
5:28 of 2nd period - Shot by Kyle Palmieri.
5:28 of 2nd period - Shot Blocked by Kevin Shattenkirk.
5:32 of 2nd period - Shot by Jean-Gabriel Pageau.
5:32 of 2nd period - Shot Misses the Net.
5:34 of 2nd period - Shot by Kyle Palmieri.
5:34 of 2nd period - Stopped by Jacob Markstrom without a rebound.
5:34 of 2nd period - Minor Penalty to Kevin Shattenkirk for Hooking.
5:35 of 2nd period - Teddy Blueger wins face-off versus Connor McDavid in Lightning zone.
6:02 of 2nd period - Shot by Pavel Buchnevich.
6:02 of 2nd period - Shot Blocked by Teddy Blueger.
6:04 of 2nd period - Shot by Josh Morrissey.
6:04 of 2nd period - Stopped by Jacob Markstrom without a rebound.
6:05 of 2nd period - Chandler Stephenson wins face-off versus Noel Acciari in Lightning zone.
6:28 of 2nd period - Shot by Shayne Gostisbehere.
6:28 of 2nd period - Stopped by Jacob Markstrom with a rebound.
6:30 of 2nd period - Shot by Jonathan Marchessault.
6:30 of 2nd period - Deflect By Matt Duchene.
6:30 of 2nd period - Stopped by Jacob Markstrom with a rebound.
6:32 of 2nd period - Shot by Shayne Gostisbehere.
6:32 of 2nd period - Shot Misses the Net.
6:45 of 2nd period - Chandler Stephenson is hit by Kaiden Guhle and loses puck.
7:01 of 2nd period - Icing by Shea Theodore.
7:02 of 2nd period - Connor McDavid wins face-off versus Teddy Blueger in Islanders zone.
7:07 of 2nd period - Shot by Josh Morrissey.
7:07 of 2nd period - Shot Misses the Net.
7:21 of 2nd period - Shot by Connor McDavid.
7:21 of 2nd period - Shot Misses the Net.
7:23 of 2nd period - Shot by Pavel Buchnevich.
7:23 of 2nd period - Shot Misses the Net.
7:33 of 2nd period - Shot by Josh Morrissey.
7:33 of 2nd period - Shot Misses the Net.
7:35 of 2nd period - Shot by Michael Bunting.
7:35 of 2nd period - Stopped by Jacob Markstrom without a rebound.
7:36 of 2nd period - Jean-Gabriel Pageau wins face-off versus Brock Nelson in Lightning zone.
8:07 of 2nd period - Shot by Brock Nelson.
8:07 of 2nd period - Stopped by Jonathan Quick without a rebound.
8:08 of 2nd period - Sam Bennett wins face-off versus Jake Guentzel in Islanders zone.
8:32 of 2nd period - Icing by Mike Matheson.
8:33 of 2nd period - Sam Bennett wins face-off versus Matt Duchene in Lightning zone.
9:01 of 2nd period - Off-side.
9:02 of 2nd period - Connor McDavid wins face-off versus Brock Nelson in neutral zone.
9:11 of 2nd period - Shot by Pavel Buchnevich.
9:11 of 2nd period - Deflect By Jake Guentzel.
9:11 of 2nd period - Stopped by Jacob Markstrom without a rebound.
9:12 of 2nd period - Connor McDavid wins face-off versus Brock Nelson in Lightning zone.
9:12 of 2nd period - Connor McDavid is hit by Kaiden Guhle.
9:21 of 2nd period - Connor McDavid is hit by Kaiden Guhle and loses puck.
9:29 of 2nd period - Minor Penalty to Kaiden Guhle for Cross-checking.
9:30 of 2nd period - Chandler Stephenson wins face-off versus Teddy Blueger in Lightning zone.
11:05 of 2nd period - Shot by Jake Guentzel.
11:05 of 2nd period - Shot Misses the Net.
11:07 of 2nd period - Shot by Pavel Buchnevich.
11:07 of 2nd period - Shot Misses the Net.
11:09 of 2nd period - Shot by Pavel Buchnevich.
11:09 of 2nd period - Shot Misses the Net.
11:11 of 2nd period - Shot by Josh Morrissey.
11:11 of 2nd period - Shot Hit the Post.
12:08 of 2nd period - Shot by Michael Bunting.
12:08 of 2nd period - Shot Blocked by John Klingberg.
12:34 of 2nd period - Shot by Mattias Janmark.
12:34 of 2nd period - Shot Misses the Net.
12:42 of 2nd period - Shot by Sam Bennett.
12:42 of 2nd period - Goal by Sam Bennett - Lightning : 2 - Islanders : 3.
12:43 of 2nd period - Dawson Mercer wins face-off versus Connor McDavid in neutral zone.
13:00 of 2nd period - Icing by Kaiden Guhle.
13:01 of 2nd period - Dawson Mercer wins face-off versus Matt Duchene in Lightning zone.
13:46 of 2nd period - Neal Pionk is hit by Andrew Peeke and loses puck.
13:57 of 2nd period - Shot by Tyler Toffoli.
13:57 of 2nd period - Stopped by Jonathan Quick with a rebound.
14:08 of 2nd period - Off-side.
14:09 of 2nd period - Jean-Gabriel Pageau wins face-off versus Alex Killorn in neutral zone.
14:25 of 2nd period - Icing by Alex Killorn.
14:26 of 2nd period - Connor McDavid wins face-off versus Brock Nelson in Lightning zone.
14:44 of 2nd period - Shot by Connor McDavid.
14:44 of 2nd period - Shot Misses the Net.
14:46 of 2nd period - Shot by Pavel Buchnevich.
14:46 of 2nd period - Stopped by Jacob Markstrom without a rebound.
14:47 of 2nd period - Jean-Gabriel Pageau wins face-off versus Scott Laughton in Lightning zone.
15:39 of 2nd period - Icing by Andrew Peeke.
15:40 of 2nd period - Connor McDavid wins face-off versus Sam Bennett in Lightning zone.
16:03 of 2nd period - Icing by Josh Morrissey.
16:04 of 2nd period - Alex Killorn wins face-off versus Connor McDavid in Islanders zone.
17:04 of 2nd period - Icing by Kaiden Guhle.
17:05 of 2nd period - Dawson Mercer wins face-off versus Matt Duchene in Lightning zone.
17:39 of 2nd period - Neal Pionk is hit by Ryan Strome and loses puck.
17:43 of 2nd period - Icing by Neal Pionk.
17:44 of 2nd period - Matt Duchene wins face-off versus Tyler Toffoli in Islanders zone.
17:44 of 2nd period - Matt Duchene is hit by Sam Bennett.
17:52 of 2nd period - Shot by Chandler Stephenson.
17:52 of 2nd period - Stopped by Jacob Markstrom with a rebound.
19:03 of 2nd period - Off-side.
19:04 of 2nd period - Connor McDavid wins face-off versus Dawson Mercer in neutral zone.
19:19 of 2nd period - Shot by Connor McDavid.
19:19 of 2nd period - Shot Misses the Net.
Goals for this period are 2 for Lightning vs 0 for Islanders.
Shots for this period are 9 for Lightning vs 11 for Islanders.

3rd period


0:01 of 3rd period - Brock Nelson wins face-off versus Matt Duchene in neutral zone.
0:54 of 3rd period - Icing by Shea Theodore.
0:55 of 3rd period - Sam Bennett wins face-off versus Matt Duchene in Islanders zone.
1:31 of 3rd period - Icing by Juuso Valimaki.
1:32 of 3rd period - Connor McDavid wins face-off versus Dawson Mercer in Islanders zone.
1:32 of 3rd period - Connor McDavid is hit by Noel Acciari.
1:47 of 3rd period - Off-side.
1:48 of 3rd period - Brock Nelson wins face-off versus Michael Bunting in neutral zone.
2:39 of 3rd period - Icing by Marcus Pettersson.
2:40 of 3rd period - Jean-Gabriel Pageau wins face-off versus Sam Bennett in Islanders zone.
2:55 of 3rd period - Off-side.
2:56 of 3rd period - Connor McDavid wins face-off versus Dawson Mercer in neutral zone.
3:46 of 3rd period - Off-side.
3:47 of 3rd period - Brock Nelson wins face-off versus Matt Duchene in neutral zone.
3:47 of 3rd period - Alex Killorn is hit by Jonathan Marchessault and loses puck.
3:59 of 3rd period - Shot by Brock Nelson.
3:59 of 3rd period - Deflect By Jeff Skinner.
3:59 of 3rd period - Shot Misses the Net.
4:30 of 3rd period - Shot by Jeff Skinner.
4:30 of 3rd period - Shot Blocked by Shayne Gostisbehere.
4:56 of 3rd period - Shot by Michael Bunting.
4:56 of 3rd period - Stopped by Jacob Markstrom without a rebound.
4:57 of 3rd period - Connor McDavid wins face-off versus Scott Laughton in Lightning zone.
5:05 of 3rd period - Icing by Sam Bennett.
5:06 of 3rd period - Sam Bennett wins face-off versus Connor McDavid in Lightning zone.
5:10 of 3rd period - Off-side.
5:11 of 3rd period - Connor McDavid wins face-off versus Sam Bennett in neutral zone.
5:34 of 3rd period - Connor McDavid is hit by Kaiden Guhle and loses puck.
5:49 of 3rd period - Shot by Pavel Buchnevich.
5:49 of 3rd period - Shot Blocked by Kaiden Guhle.
6:13 of 3rd period - Shot by Jonathan Marchessault.
6:13 of 3rd period - Stopped by Jacob Markstrom without a rebound.
6:14 of 3rd period - Brock Nelson wins face-off versus Michael Bunting in Lightning zone.
6:24 of 3rd period - Mike Matheson is hit by Jean-Gabriel Pageau and loses puck.
6:43 of 3rd period - Shot by Jeff Skinner.
6:43 of 3rd period - Shot Misses the Net.
6:45 of 3rd period - Shot by Brock Nelson.
6:45 of 3rd period - Stopped by Jonathan Quick without a rebound.
6:46 of 3rd period - Dawson Mercer wins face-off versus Matt Duchene in Islanders zone.
6:51 of 3rd period - Shot by Ryan Strome.
6:51 of 3rd period - Shot Misses the Net.
7:53 of 3rd period - Shot by Josh Morrissey.
7:53 of 3rd period - Stopped by Jacob Markstrom without a rebound.
7:54 of 3rd period - Sam Bennett wins face-off versus Connor McDavid in Lightning zone.
8:06 of 3rd period - Minor Penalty to Kaiden Guhle for Tripping.
8:07 of 3rd period - Teddy Blueger wins face-off versus Jake Guentzel in Lightning zone.
8:22 of 3rd period - Brandon Montour is hit by Connor McDavid and loses puck.
9:09 of 3rd period - Shot by Neal Pionk.
9:09 of 3rd period - Stopped by Jacob Markstrom without a rebound.
9:10 of 3rd period - Chandler Stephenson wins face-off versus Teddy Blueger in Lightning zone.
10:08 of 3rd period - Shot by Josh Morrissey.
10:08 of 3rd period - Stopped by Jacob Markstrom with a rebound.
10:10 of 3rd period - Shot by Jean-Gabriel Pageau.
10:10 of 3rd period - Shot Misses the Net.
10:12 of 3rd period - Shot by Ryan Suter.
10:12 of 3rd period - Stopped by Jacob Markstrom with a rebound.
10:16 of 3rd period - Shot by Michael Bunting.
10:16 of 3rd period - Stopped by Jacob Markstrom with a rebound.
10:23 of 3rd period - Icing by Kaiden Guhle.
10:24 of 3rd period - Connor McDavid wins face-off versus Brock Nelson in Lightning zone.
10:33 of 3rd period - Shot by Alex Killorn.
10:33 of 3rd period - Goal by Alex Killorn - Lightning : 3 - Islanders : 3.
10:34 of 3rd period - Jean-Gabriel Pageau wins face-off versus Sam Bennett in neutral zone.
10:54 of 3rd period - Icing by Josh Morrissey.
10:55 of 3rd period - Jean-Gabriel Pageau wins face-off versus Brock Nelson in Islanders zone.
10:55 of 3rd period - Jean-Gabriel Pageau is hit by Alex Killorn.
11:00 of 3rd period - Josh Morrissey is hit by Kevin Shattenkirk and loses puck.
11:06 of 3rd period - Icing by Kevin Shattenkirk.
11:07 of 3rd period - Jonathan Marchessault wins face-off versus Brock Nelson in Lightning zone.
11:07 of 3rd period - Shayne Gostisbehere is hit by Kevin Shattenkirk and loses puck.
11:59 of 3rd period - Chandler Stephenson is hit by Tyler Toffoli and loses puck.
12:21 of 3rd period - Shayne Gostisbehere is hit by Sam Bennett and loses puck.
12:34 of 3rd period - Shot by Scott Laughton.
12:34 of 3rd period - Stopped by Jonathan Quick with a rebound.
13:13 of 3rd period - Minor Penalty to Ryan Strome for Hooking.
13:14 of 3rd period - Connor McDavid wins face-off versus Teddy Blueger in Lightning zone.
13:29 of 3rd period - Mike Matheson is hit by Pavel Buchnevich.
13:47 of 3rd period - Shot by Kaiden Guhle.
13:47 of 3rd period - Stopped by Jonathan Quick without a rebound.
13:48 of 3rd period - Connor McDavid wins face-off versus Noel Acciari in Islanders zone.
13:48 of 3rd period - Connor McDavid is hit by Noel Acciari.
14:09 of 3rd period - Icing by Jake Guentzel.
14:10 of 3rd period - Connor McDavid wins face-off versus Teddy Blueger in Islanders zone.
14:15 of 3rd period - Shot by Josh Morrissey.
14:15 of 3rd period - Shot Misses the Net.
14:55 of 3rd period - Icing by Shayne Gostisbehere.
14:56 of 3rd period - Chandler Stephenson wins face-off versus Teddy Blueger in Islanders zone.
15:24 of 3rd period - Minor Penalty to Jean-Gabriel Pageau for Hooking.
15:25 of 3rd period - Chandler Stephenson wins face-off versus Brock Nelson in Islanders zone.
16:08 of 3rd period - Shot by Connor McDavid.
16:08 of 3rd period - Stopped by Jacob Markstrom without a rebound.
16:09 of 3rd period - Chandler Stephenson wins face-off versus Dawson Mercer in Lightning zone.
16:26 of 3rd period - Shot by Dawson Mercer.
16:26 of 3rd period - Stopped by Jonathan Quick without a rebound.
16:27 of 3rd period - Chandler Stephenson wins face-off versus Dawson Mercer in Islanders zone.
16:37 of 3rd period - Icing by Alex Killorn.
16:38 of 3rd period - Chandler Stephenson wins face-off versus Dawson Mercer in Lightning zone.
16:56 of 3rd period - Neal Pionk is hit by Alex Killorn and loses puck.
17:09 of 3rd period - Shot by Dawson Mercer.
17:09 of 3rd period - Shot Misses the Net.
17:11 of 3rd period - Shot by Dawson Mercer.
17:11 of 3rd period - Shot Misses the Net.
17:51 of 3rd period - Shot by Brock Nelson.
17:51 of 3rd period - Shot Misses the Net.
17:53 of 3rd period - Shot by Pierre Engvall.
17:53 of 3rd period - Shot Misses the Net.
18:31 of 3rd period - Shot by Michael Bunting.
18:31 of 3rd period - Shot Blocked by Kaiden Guhle.
19:05 of 3rd period - Shot by Jean-Gabriel Pageau.
19:05 of 3rd period - Shot Misses the Net.
19:22 of 3rd period - Sam Bennett is hit by Juuso Valimaki and loses puck.
19:32 of 3rd period - Icing by Mattias Janmark.
19:33 of 3rd period - Brock Nelson wins face-off versus Jason Dickinson in Islanders zone.
19:45 of 3rd period - Jonathan Marchessault is hit by Andrew Peeke and loses puck.
19:58 of 3rd period - Minor Penalty to Alex Killorn for Holding Stick.
19:59 of 3rd period - Connor McDavid wins face-off versus Barclay Goodrow in Lightning zone.
Goals for this period are 1 for Lightning vs 0 for Islanders.
Shots for this period are 5 for Lightning vs 8 for Islanders.

Overtime #1


0:01 of 1st overtime period - Connor McDavid wins face-off versus Barclay Goodrow in neutral zone.
0:04 of 1st overtime period - Shot by Shea Theodore.
0:04 of 1st overtime period - Stopped by Jacob Markstrom without a rebound.
0:05 of 1st overtime period - Connor McDavid wins face-off versus Barclay Goodrow in Lightning zone.
1:17 of 1st overtime period - Shot by Matt Duchene.
1:17 of 1st overtime period - Stopped by Jacob Markstrom without a rebound.
1:18 of 1st overtime period - Noel Acciari wins face-off versus Connor McDavid in Lightning zone.
2:09 of 1st overtime period - Shot by Matt Duchene.
2:09 of 1st overtime period - Shot Blocked by John Klingberg.
2:42 of 1st overtime period - Icing by John Klingberg.
2:43 of 1st overtime period - Sam Bennett wins face-off versus Chandler Stephenson in Lightning zone.
2:47 of 1st overtime period - Off-side.
2:48 of 1st overtime period - Jeff Skinner wins face-off versus Connor McDavid in neutral zone.
2:55 of 1st overtime period - Shot by Tyler Toffoli.
2:55 of 1st overtime period - Shot Misses the Net.
Goals for this period are 0 for Lightning vs 0 for Islanders.
Shots for this period are 0 for Lightning vs 2 for Islanders.

ShootOut


5:00 of 1st overtime period - Round #1.
5:00 of 1st overtime period - Lightning, Scott Laughton.
5:00 of 1st overtime period - Goal by Scott Laughton.
5:00 of 1st overtime period - Islanders, Connor McDavid.
5:00 of 1st overtime period - Goal by Connor McDavid.
5:00 of 1st overtime period - Round #2.
5:00 of 1st overtime period - Lightning, Dawson Mercer.
5:00 of 1st overtime period - Goal by Dawson Mercer.
5:00 of 1st overtime period - Islanders, Jake Guentzel.
5:00 of 1st overtime period - Stopped by Jacob Markstrom.
5:00 of 1st overtime period - Round #3.
5:00 of 1st overtime period - Lightning, Tyler Toffoli.
5:00 of 1st overtime period - Goal by Tyler Toffoli.